 Dungeon Crawl Stone Soup version 0.31-a0-983-g7b6862f502 (webtiles) character file.

Game seed: 12735085667390304952

56608 gruber the Unseen (level 14, -2/70 HPs)
             Began as a Vine Stalker Fighter on Nov 2, 2023.
             Was a Priest of Uskayaw.
             Slain by a death yak (12 damage)
             ... on level 5 of the Lair of Beasts.
             The game lasted 00:21:40 (15354 turns).

gruber the Unseen (Vine Stalker Fighter)           Turns: 15354, Time: 00:21:40

Health: -2/70      AC: 14    Str: 23    XL:     14   Next: 82%
Magic:  0/22       EV: 16    Int:  5    God:    Uskayaw [***...]
Gold:   998        SH: 12    Dex: 26    Spells: 13/13 levels left

rFire   . . .        M - +5 dagger (speed)
rCold   + + .        c - +0 buckler
rNeg    . . .        E - +2 ring mail {rPois}
rPois   +            w - +2 hat
rElec   .            b - +1 cloak "Kaaleg" {Str+5 Int-3 Dex+6}
rCorr   .            K - -2 pair of gloves "Ufuexeu" {rC+ Will+}
SInv    .            Y - +1 pair of boots
Will    ++...        k - amulet of reflection
Stlth   ++++++       V - ring of protection from cold
HPRegen 1.11/turn    Q - +4 ring of slaying
MPRegen 0.18/turn

%: reflection, guardian spirit
@: no status effects
A: fangs 3, regeneration 1, magic shield, antimagic bite, no potion heal 2
a: Renounce Religion, Stomp, Line Pass


You were on level 5 of the Lair of Beasts.
You worshipped Uskayaw.
Uskayaw was aware of your devotion.
You visited 3 branches of the dungeon, and saw 18 of its levels.
You also visited: Sewer.

You collected 998 gold pieces.

Inventory:

Hand Weapons
 s - a +3 short sword of venom
 M - a +5 dagger of speed (weapon)
Missiles
 l - 4 curare-tipped darts
 D - 37 poisoned darts (quivered)
Armour
 b - the +1 cloak "Kaaleg" (worn) {Str+5 Int-3 Dex+6}
   (You found it on level 8 of the Dungeon)

   Str+5:     It affects your strength (+5).
   Int-3:     It affects your intelligence (-3).
   Dex+6:     It affects your dexterity (+6).
 c - a +0 buckler (worn)
 w - a +2 hat (worn)
 E - a +2 ring mail of poison resistance (worn)
 K - the -2 pair of gloves "Ufuexeu" (worn) {rC+ Will+}
   (You found it on level 10 of the Dungeon)

   rC+:       It protects you from cold.
   Will+:     It increases your willpower.
 O - the +5 ring mail of Dice, Bag, and Bottle {Stlth+}
   (You found it on level 11 of the Dungeon)

   Stlth+:    It makes you more stealthy.
 Y - a +1 pair of boots (worn)
Jewellery
 f - a ring of ice
 k - an amulet of reflection (around neck)
 z - a ring of resist corrosion
 Q - a +4 ring of slaying (right hand)
 V - a ring of protection from cold (left hand)
 W - a +4 ring of protection
 X - a +6 ring of dexterity
Wands
 x - a wand of paralysis (17)
 C - a wand of iceblast (12)
 F - a wand of polymorph (6)
 L - a wand of flame (9)
 S - a wand of light (5)
Scrolls
 a - a scroll of poison {unknown}
 h - 8 scrolls of teleportation {unknown}
 i - a scroll of torment {unknown}
 j - 11 scrolls of identify {unknown}
 m - 4 scrolls of noise {unknown}
 q - 2 scrolls of amnesia {unknown}
 r - 3 scrolls of silence {unknown}
 u - 5 scrolls of vulnerability {unknown}
 y - 4 scrolls of enchant weapon {unknown}
 B - 4 scrolls of revelation {unknown}
 H - 4 scrolls of immolation {unknown}
 J - a scroll of fear {unknown}
 R - a scroll of enchant armour {unknown}
Potions
 d - 6 potions of might
 e - 4 potions of mutation {unknown}
 g - 6 potions of curing {unknown}
 n - 3 potions of ambrosia
 o - 4 potions of lignification {unknown}
 p - a potion of attraction {unknown}
 t - 3 potions of invisibility {unknown}
 v - a potion of degeneration {unknown}
 A - 3 potions of berserk rage
 G - 2 potions of cancellation {unknown}
 I - 2 potions of brilliance {unknown}
 N - 2 potions of haste {unknown}
 P - a potion of magic {unknown}
 T - a potion of heal wounds {unknown}


   Skills:
 - Level 6.3 Fighting
 - Level 14.0 Short Blades
 - Level 6.5 Armour
 - Level 6.5 Dodging
 * Level 15.3 Stealth
 - Level 7.0 Shields
 - Level 10.1 Invocations


You had 13 spell levels left.
You didn't know any spells.
Your spell library contained the following spells:

 Spells                   Type           Power      Damage    Failure   Level
 Magic Dart               Conj           0%         1d3       67%         1
 Blink                    Tloc           0%         N/A       82%         2
 Call Imp                 Summ           0%         N/A       82%         2
 Lesser Beckoning         Tloc           0%         N/A       82%         2
 Momentum Strike          Conj/Tloc      0%         3d8       82%         2
 Gell's Gravitas          Tloc           0%         N/A       96%         3
 Inner Flame              Hex/Fire       0%         N/A       96%         3
 Mephitic Cloud           Conj/Pois/Air  0%         N/A       96%         3
 Teleport Other           Tloc           0%         N/A       96%         3
 Animate Dead             Necr           0%         N/A       100%        4
 Flame Wave               Conj/Fire      0%         2d4       100%        4
 Manifold Assault         Tloc           0%         N/A       100%        4
 Olgreb's Toxic Radiance  Pois           0%         N/A       100%        4
 Sticky Flame             Conj/Fire      0%         2d3       100%        4
 Summon Ice Beast         Ice/Summ       0%         N/A       100%        4
 Borgnjor's Vile Clutch   Necr/Erth      0%         N/A       100%        5
 Death Channel            Necr           0%         N/A       100%        6
 Dispersal                Tloc           0%         N/A       100%        6
 Spellforged Servitor     Conj/Summ      0%         N/A       100%        7
 Discord                  Hex            0%         N/A       100%        8
 Disjunction              Tloc           0%         N/A       100%        8
 Ignition                 Fire           0%         3d3       100%        8
 Dragon's Call            Summ           0%         N/A       100%        9


Dungeon Overview and Level Annotations

Branches:
Dungeon (12/15)            Temple (1/1) D:6            Lair (5/5) D:11
 Shoals (0/4) Lair:2       Spider (0/4) Lair:3        Slime (0/5) Lair:5
    Orc (0/2) D:9           Sewer (visited)

Altars:
Ashenzari
Cheibriados
Dithmenos
Elyvilon
Fedhas
Gozag
Hepliaklqana
Kikubaaqudgha
Makhleb
Nemelex Xobeh
Okawaru
Qazlal
Ru
Sif Muna
Trog
Uskayaw
Vehumet
Wu Jian
Xom
Yredelemnul
Zin
The Shining One
Jiyva

Shops:
D:10 *   D:11 (

Annotations:
D:3 3 runed translucent doors, Nebesus's ghost, amateur DsGl
Lair:2 2 transporters, AceOff's ghost, journeyman FoFi


Innate Abilities, Weirdness & Mutations

You have razor-sharp teeth.
Your natural rate of healing is unusually fast.
When hurt, damage is shared between your health and your magic reserves.
Your bite disrupts and absorbs the magic of your enemies.
Potions cannot restore your health.


Message History

You hit the death yak.
The death yak is almost dead.
The death yak gores you but does no damage.
Unknown command.
Unknown command.
You hit the death yak. You bite the death yak.
You kill the death yak!
You block the death yak's attack. The death yak gores you!
Uskayaw will force your foes to helplessly watch your dance.
Unknown command.
Unknown command.
You barely miss the death yak. You completely miss the death yak.
You block the death yak's attack.
The death yak gores you but does no damage.
The death yak misses you.
You hit the death yak. You bite the death yak! You drain its power.
You feel invigorated.
The death yak is lightly wounded.
You hit the death yak.
The death yak is moderately wounded.
You block the death yak's attack.
You puncture the death yak!
The death yak is moderately wounded.
You block the death yak's attack. The death yak gores you!
You hit the death yak.
The death yak is moderately wounded.
You puncture the death yak!
You bite the death yak, but do no damage.
The death yak is heavily wounded.
The death yak gores you!
You hit the death yak but do no damage.
You bite the death yak, but do no damage.
The death yak is heavily wounded.
The death yak gores you!!
* * * LOW HITPOINT WARNING * * *
The death yak gores you but does no damage.
You block the death yak's attack.
The death yak attacks as it pursues you!
The death yak gores you!
You die...

...........................÷.....
......P..#...................<...
...P.............................
....#.#...........#..............
....#.##...........##............
.####.#............##..#.........
..##...#..#.P....................
...#..#.....P....................
.............8.Y@................
......8††.....YY.................
......†....8.....................
####....8........................
###......8....................
###......###................ #
#P.....## ##............... #
#PP###...## ##.............. #
#######...## ####...........


You could see 3 death yaks.

Vanquished Creatures
  Rupert (Lair:3)
  Josephine (D:11)
  Erolcha (D:11)
  2 hydras (Lair:5)
  Fannar (D:11)
  4 catoblepae
  A two-headed ogre (D:11)
  16 death yaks
  Urug (Lair:1)
  2 skysharks
  A skeletal warrior (D:12)
  A pharaoh ant (Lair:3)
  Nergalle (D:11)
  Pikel (D:6)
  A necromancer (Lair:2)
  An ugly thing (D:11)
  2 cyclopes
  A manticore (Lair:5)
  A merfolk siren (Lair:2)
  10 elephants
  2 black mambas
  A torpor snail (Lair:5)
  A gargoyle (D:11)
  9 cane toads
  2 rime drakes (Lair:5)
  Jeremiah (D:7)
  8 komodo dragons
  2 trolls
  16 blink frogs
  2 polar bears
  4 dream sheep
  A jumping spider (Lair:3)
  Sigmund (D:2)
  A shadow (D:11)
  4 wyverns
  4 wraiths (D:11)
  3 basilisks
  2 steam dragons
  58 yaks
  2 acid dragons
  2 hell hounds (Lair:1)
  Pargi (Sewer)
  12 water moccasins
  2 ice beasts (D:7)
  2 orc warriors
  4 sky beasts
  4 ogres (D:5)
  9 wolves
  2 centaurs (D:9)
  A phantom (D:6)
  4 kobold brigands
  17 bullfrogs
  A gnoll sergeant (D:12)
  6 scorpions
  19 wights
  21 killer bees
  A howler monkey (D:7)
  5 hounds
  7 jellies
  A gnoll bouda (D:8)
  5 orc priests
  Jessica (D:2)
  Terence (D:2)
  A sleepcap (D:5)
  2 iguanas
  7 orc wizards
  2 polar bear simulacra (Lair:2)
  3 yak simulacra (Lair:2)
  2 wolf simulacra (Lair:2)
  Robin (D:2)
  11 gnolls
  6 adders
  2 river rats
  A shadow imp (D:6)
  2 white imps
  2 ufetubi (D:5)
  A worm (D:3)
  A dart slug (D:5)
  23 orcs
  8 ball pythons
  6 bats
  13 endoplasms
  10 giant cockroaches
  12 goblins
  14 hobgoblins
  17 jackals
  21 kobolds
  8 quokkas
  8 frilled lizards
  4 rats
  4 river rat simulacra (Lair:2)
494 creatures vanquished.

Vanquished Creatures (others)
  A manticore (Lair:5)
  A kobold (D:8)
2 creatures vanquished.

Grand Total: 496 creatures vanquished

Notes
Turn   | Place    | Note
-------+----------+-------------------------------------------
     0 | D:1      | gruber the Vine Stalker Fighter began the quest for the
                  | Orb.
     0 | D:1      | Reached XP level 1. HP: 11/11 MP: 2/2
   132 | D:1      | Reached XP level 2. HP: 16/16 MP: 3/3
   269 | D:1      | Reached XP level 3. HP: 19/19 MP: 2/4
   880 | D:2      | Noticed Sigmund
   905 | D:2      | Killed Sigmund
   906 | D:2      | Reached skill level 5 in Short Blades
   906 | D:2      | Reached XP level 4. HP: 14/23 MP: 3/5
   906 | D:2      | Reached XP level 5. HP: 16/27 MP: 3/6
  1049 | D:2      | Noticed Terence
  1063 | D:2      | Killed Terence
  1064 | D:2      | Reached XP level 6. HP: 16/32 MP: 4/7
  1163 | D:2      | Noticed Jessica
  1170 | D:2      | Killed Jessica
  1459 | D:2      | Noticed Robin
  1467 | D:2      | Killed Robin
  1815 | D:3      | Found a runed translucent gate.
  1815 | D:3      | Found a runed translucent gate.
  1815 | D:3      | Found a runed translucent gate.
  1815 | D:3      | Noticed Nebesus's ghost (amateur DsGl)
  2436 | D:4      | Reached XP level 7. HP: 35/35 MP: 8/8
  2460 | D:4      | Found an iron altar of Okawaru.
  2996 | D:5      | Entered Level 5 of the Dungeon
  3214 | D:5      | Gained mutation: You have razor-sharp teeth. [Vine Stalker
                  | growth]
  3214 | D:5      | Reached XP level 8. HP: 39/39 MP: 9/9
  3244 | D:5      | Reached skill level 1 in Dodging
  3529 | D:5      | Identified the +0 helmet of Cibif {Rampage *Corrode rC+}
  3871 | D:6      | Found an opulent altar of Gozag.
  3882 | D:6      | Reached skill level 5 in Armour
  3889 | D:6      | Reached XP level 9. HP: 43/43 MP: 10/10
  3947 | D:6      | Found a staircase to the Ecumenical Temple.
  3956 | Temple   | Entered the Ecumenical Temple
  3961 | Temple   | Became a worshipper of Uskayaw the Reveller
  4024 | D:6      | Reached * piety under Uskayaw
  4057 | D:6      | Reached ** piety under Uskayaw
  4127 | D:6      | Reached *** piety under Uskayaw
  4134 | D:6      | Reached **** piety under Uskayaw
  4149 | D:6      | Found a glowing drain.
  4154 | Sewer    | Entered a sewer
  4177 | Sewer    | Noticed Pargi
  4188 | Sewer    | Killed Pargi
  4711 | D:7      | Noticed Pikel
  4732 | D:6      | Killed Pikel
  4733 | D:6      | Reached skill level 5 in Dodging
  4818 | D:7      | Noticed Jeremiah
  4833 | D:6      | Reached ***** piety under Uskayaw
  4834 | D:6      | Reached XP level 10. HP: 41/47 MP: 11/11
  4857 | D:6      | Reached skill level 1 in Stealth
  4900 | D:7      | Reached skill level 2 in Stealth
  4920 | D:7      | Killed Jeremiah
  4921 | D:7      | Reached skill level 4 in Stealth
  5419 | D:8      | Reached skill level 5 in Stealth
  5466 | D:8      | Identified the +1 cloak "Kaaleg" {Str+5 Int-3 Dex+6}
  5530 | D:8      | Reached skill level 6 in Stealth
  5633 | D:8      | Reached skill level 7 in Stealth
  5823 | D:8      | Reached skill level 8 in Stealth
  5836 | D:8      | Reached ****** piety under Uskayaw
  5841 | D:8      | Reached skill level 9 in Stealth
  6047 | D:8      | Found a glowing golden altar of the Shining One.
  6107 | D:8      | You fall into a shaft and drop 1 floor!
  6140 | D:9      | Reached skill level 10 in Stealth
  6166 | D:9      | Reached skill level 11 in Stealth
  6176 | D:9      | Reached XP level 11. HP: 51/51 MP: 12/12
  6202 | D:9      | Reached skill level 12 in Stealth
  6254 | D:9      | Found a staircase to the Orcish Mines.
  6299 | D:9      | Reached skill level 13 in Stealth
  6628 | D:9      | Found a hazy altar of Hepliaklqana.
  6628 | D:9      | Found a shimmering blue altar of Sif Muna.
  6628 | D:9      | Found a basalt altar of Yredelemnul.
  6628 | D:9      | Found a broken altar of Ashenzari.
  6636 | D:9      | Identified the +0 ring mail "Unulo" {Str+6 Int-5}
  6652 | D:9      | Reached skill level 1 in Invocations
  6817 | D:9      | Found a viscous altar of Jiyva.
  6926 | D:10     | Entered Level 10 of the Dungeon
  7170 | D:10     | Identified the -2 pair of gloves "Ufuexeu" {rC+ Will+}
  7185 | D:10     | Found Xerott's Demolitions Depot.
  7868 | D:11     | Noticed Nergalle
  7875 | D:11     | Killed Nergalle
  7876 | D:11     | Reached skill level 5 in Invocations
  7919 | D:11     | Noticed Fannar
  7926 | D:11     | Killed Fannar
  7948 | D:11     | Identified the +5 ring mail of Dice, Bag, and Bottle
                  | {Stlth+}
  7991 | D:11     | Noticed a cyclops
  8011 | D:11     | Killed a cyclops
  8026 | D:11     | Noticed Josephine
  8030 | D:11     | Killed Josephine
  8107 | D:11     | Noticed a two-headed ogre
  8114 | D:11     | Killed a two-headed ogre
  8115 | D:11     | Reached XP level 12. HP: 56/56 MP: 17/19
  8127 | D:11     | Found Atauros's Antique Weapon Emporium.
  8311 | D:11     | Found a staircase to the Lair.
  8429 | D:11     | Noticed Erolcha
  8439 | D:11     | Killed Erolcha
  8607 | D:12     | Reached skill level 10 in Invocations
  8682 | Lair:1   | Identified the "Owagan"
  8682 | Lair:1   | Entered Level 1 of the Lair of Beasts
  8854 | Lair:1   | Noticed Urug
  8861 | Lair:1   | Killed Urug
  9100 | Lair:1   | Reached skill level 5 in Shields
  9432 | Lair:1   | Found a dark tunnel.
  9720 | Lair:2   | Noticed AceOff's ghost (journeyman FoFi)
  9817 | Lair:2   | Reached skill level 5 in Fighting
  9817 | Lair:2   | Reached XP level 13. HP: 36/63 MP: 21/21
 10060 | Lair:2   | Found a transporter.
 10061 | Lair:2   | Found a transporter.
 10484 | Lair:2   | Found a staircase to the Shoals.
 10548 | Lair:3   | Found a hole to the Spider Nest.
 10831 | Lair:3   | Reached skill level 10 in Short Blades
 11417 | Lair:3   | Noticed Rupert
 11488 | Lair:3   | Killed Rupert
 11947 | Lair:4   | Reached XP level 14. HP: 62/70 MP: 19/22
 12614 | Lair:5   | Entered Level 5 of the Lair of Beasts
 12773 | Lair:5   | Found a staircase to the Slime Pits.
 14966 | Lair:5   | Reached skill level 14 in Stealth
 15316 | Lair:5   | Reached skill level 15 in Stealth
 15354 | Lair:5   | Slain by a death yak

Illustrated notes

Levels and vault maps discovered:
D:1:      minmay_arrival_loop, layout_loops_ring, chequers_avenue
D:2:      layout_loops_ring, uniq_robin, uniq_sigmund, uniq_jessica,
          uniq_terence
D:3:      layout_basic, ebering_ghost_rock_garden
D:4:      layout_basic, kennysheep_okawaru_gauntlet, minivault_4
D:5:      layout_loops_ring
D:6:      layout_basic, nicolae_gozag_seed_capital, temple_green,
          gup_sewer_entry_bowl
D:7:      layout_cave_pools, uniq_jeremiah, uniq_pikel
D:8:      nicolae_cairo_tiling_large, layout_basic, mainiacjoe_overflow_catwalk
D:9:      layout_rooms, chequers_temple_overflow_statue_of_worship,
          jiyva_altar_1
D:10:     layout_basic, serial_curves, eino_curves_02, eino_curves_04,
          nicolae_blasting_shop, grunt_decor_clamped
D:11:     layout_irregular_city, lair_entry_dummy, serial_shops,
          nicolae_diamond_shop, uniq_nergalle, uniq_erolcha, uniq_josephine,
          uniq_fannar
D:12:     layout_loops_ring, gammafunk_ghost_smash
Temple:   minmay_freezing_vapour_temple
Lair:1:   layout_cave_pods, enter_volcano_3, st_stairs_13,
          serial_bayou_crossing, uniq_urug
Lair:2:   layout_regular_city, minmay_shoals_entry_lonely_mermaid,
          gammafunk_ghost_hive, eino_house_with_fridge, lemuel_fruit_fields
Lair:3:   layout_cave_pods, nicolae_spider_entry_lesser_pyramids,
          grunt_megastairs_4, uniq_rupert
Lair:4:   layout_cave_pods, grunt_megastairs_1
Lair:5:   evilmike_catoblepas_cave, layout_gridlike, slime_entry_1,
          bh_autumn_forest_stairs, disabler_island

Skill      XL: |  1  2  3  4  5  6  7  8  9 10 11 12 13 14 |
---------------+-------------------------------------------+-----
Short Blades   | 2 3 5 6 8 12 14 | 14.0
Armour         | 5 6 |  6.5
Dodging        | 2 6 |  6.5
Stealth        | 11 13 15 | 15.3
Invocations    | 8 10 | 10.1
Shields        | 7 |  7.0
Fighting       | 5 6 |  6.3

Action                     |  1- 3 |  4- 6 |  7- 9 | 10-12 | 13-15 || total
---------------------------+-------+-------+-------+-------+-------++-------
  Melee: Rapier            |   120 |   174 |       |       |       ||   294
         Bite              |    21 |    47 |   109 |   274 |   266 ||   717
         Short sword       |       |    12 |   313 |   330 |       ||   655
         Dagger            |       |       |    16 |   325 |   535 ||   876
  Throw: Dart              |       |       |     2 |       |     2 ||     4
 Invoke: Line Pass         |       |       |       |     4 |     1 ||     5
         Stomp             |       |       |       |     1 |     1 ||     2
  Evoke: Wand              |       |       |     2 |       |     1 ||     3
   Stab: Paralysed         |       |       |     7 |    30 |    38 ||    75
         Sleeping          |       |       |       |    19 |    13 ||    32
         Confused          |       |       |       |     1 |       ||     1
         Distracted        |       |       |       |     1 |     2 ||     3
         Invisible         |       |       |       |       |     1 ||     1
 Armour: Scale mail        |    75 |    77 |   111 |    15 |       ||   278
         Ring mail         |       |       |       |   185 |   141 ||   326
  Dodge: Dodged            |    45 |    57 |    78 |   246 |   119 ||   545
  Block: Buckler           |    36 |    90 |    99 |   238 |   160 ||   623
         Reflection        |       |     5 |     1 |     7 |     3 ||    16

Table legend: (Time is in decaauts)
 A = Elapsed time spent in this place.
 B = Non-inter-level travel time spent in this place.
 C = Inter-level travel time spent in this place.
 D = Time resting spent in this place.
 E = Time spent auto-exploring this place.
 F = Levels seen in this place.
 G = Mean time per level.
                   A        B        C        D        E       F      G
               +--------+--------+--------+--------+--------+-----+--------+
         Total |  14591 |  14095 |    496 |   1668 |   9648 |  19 |  767.9 |
       Dungeon |   8261 |   7917 |    344 |     36 |   6098 |  12 |  688.4 |
        Temple |     10 |     10 |      0 |      0 |      0 |   1 |   10.0 |
          Lair |   6245 |   6093 |    152 |   1632 |   3502 |   5 | 1249.0 |
         Sewer |     73 |     73 |      0 |      0 |     47 |   1 |   73.0 |
               +--------+--------+--------+--------+--------+-----+--------+

Top non-repeatable levels by time:
  Lair:5: 2497 daAuts
  Lair:4: 1006 daAuts
  Lair:2: 934 daAuts
  Lair:1: 916 daAuts
     D:8: 910 daAuts
  Lair:3: 890 daAuts
    D:10: 834 daAuts
     D:5: 808 daAuts
     D:6: 802 daAuts
     D:1: 795 daAuts
     D:2: 788 daAuts
     D:3: 763 daAuts
    D:11: 689 daAuts
     D:4: 628 daAuts
     D:7: 575 daAuts
